Match 33822148
Unlisted

Match 33822148
End
Pioneer Squad
Construct Infanterie Kompanie
Grenadier Squad
MG 42 Machine Gun Team
Grenadier Squad
Construct Panzergrenadier Kompanie
Panzergrenadier Squad
Panzergrenadier Squad
Medical Station
Support Elements
StuG III G Assault Gun
Selects Breakthrough Battlegroup
Selects Assault Grenadiers
Selects Rapid Production
Selects Blitzkrieg
Panzergrenadier Squad
Pak 40 Anti-tank Gun Team
StuG III G Assault Gun
Pak 40 Anti-tank Gun Team
StuG III G Assault Gun
Pak 40 Anti-tank Gun Team
Pak 40 Anti-tank Gun Team
SHIELD
Goodvyn
0
0

Comments sign in to comment!

No comments posted yet!